Map: Eternal Empire LE

Players

antagomiR - Winner!

  • Race: Protoss Protoss
  • League: Gold
  • Spawn Location: 7:00

jjss

  • Race: Protoss Protoss
  • League: Silver
  • Spawn Location: 1:00

VOD

Have the link to the VOD?

Description

Time

  • Played on: April 14, 2020, 3:56 p.m.
  • Length: 22:17
Show
View Real Time Build Order
Export as new Build Order

antagomiR Protoss - Winner!

Build Orders:  

Get SALT Encoding   

  12  0:01  Probe  
  13  0:13  Probe  
  14  0:21  Pylon  
  14  0:25  Probe  
  15  0:39  Probe  
  15  0:42  Gateway  
  16  0:51  Probe  
  16  0:55  Assimilator  
  17  1:09  Probe (Chrono Boost)  
  19  1:20  Probe (Chrono Boost)  
  19  1:24  Assimilator  
  19  1:30  Cybernetics Core  
  19  1:32  Probe  
  20  1:47  Nexus  
  20  1:49  Probe  
  20  1:58  Pylon  
  20  2:00  Warp Gate (Chrono Boost)  
  20  2:01  Probe  
  21  2:10  Adept  
  23  2:18  Probe  
  24  2:30  Probe  
  25  2:40  Stalker  
  25  2:42  Probe  
  28  2:47  Pylon  
  28  2:54  Probe  
  28  2:55  Robotics Facility  
  29  3:06  Probe  
  29  3:10  Probe  
  31  3:18  Probe  
  32  3:30  Probe  
  32  3:31  Probe  
  34  3:37  Gateway  
  34  3:38  Gateway  
  34  3:42  Probe  
  34  3:43  Probe  
  36  3:51  Observer (Chrono Boost)  
  36  3:54  Probe  
  36  3:55  Probe  
  39  4:04  Pylon  
  39  4:06  Probe  
  39  4:07  Probe  
  41  4:11  Observer (Chrono Boost)  
  41  4:14  Pylon  
  42  4:18  Probe  
  42  4:19  Probe  
  42  4:21  Sentry  
  46  4:25  Pylon  
  46  4:30  Probe  
  47  4:31  Probe, Immortal  
  52  4:42  Assimilator  
  52  4:43  Probe x2  
  54  4:46  Assimilator  
  54  4:55  Probe x2  
  54  4:59  Stalker  
  58  5:00  Stalker  
  58  5:01  Sentry  
  62  5:07  Probe x2  
  64  5:19  Probe  
  65  5:25  Probe  
  66  5:31  Probe, Pylon  
  67  5:36  Stalker x3  
  67  5:37  Probe  
  74  5:43  Nexus  
  74  5:47  Pylon  
  74  5:51  Pylon, Forge  
  74  5:55  Shield Battery  
  74  6:02  Shield Battery  
  74  6:17  Stalker  
  73  6:35  Pylon  
  72  6:43  Photon Cannon  
  72  6:46  Photon Cannon  
  71  7:02  Stalker x3  
  77  7:20  Probe  
  77  7:21  Probe  
  73  7:27  Stalker x3  
  77  7:32  Probe  
  77  7:33  Probe  
  76  7:57  Pylon  
  76  8:03  Pylon  
  76  8:12  Probe x2  
  78  8:24  Probe x2, Stalker  
  79  9:05  Nexus  
  79  9:07  Pylon  
  79  9:09  Pylon  
  78  9:25  Probe x2  
  74  9:31  Photon Cannon  
  74  9:33  Photon Cannon  
  74  9:36  Photon Cannon  
  74  9:38  Shield Battery  
  74  9:41  Shield Battery  
  68  9:49  Stalker  
  64  10:18  Pylon  
  64  10:21  Pylon  
  62  10:26  Gateway  
  62  10:28  Gateway  
  59  10:29  Gateway  
  59  10:33  Gateway  
  57  10:46  Stalker  
  57  10:47  Stalker x2  
  63  11:02  Assimilator  
  63  11:06  Assimilator  
  63  11:08  Photon Cannon  
  63  11:12  Photon Cannon  
  63  11:15  Photon Cannon, Stalker  
  63  11:16  Stalker x2  
  69  11:23  Photon Cannon  
  65  11:29  Photon Cannon  
  57  11:36  Stalker x4  
  59  11:54  Nexus  
  59  11:56  Stalker x2  
  63  12:08  Protoss Ground Weapons Level 1 (Chrono Boost)  
  59  12:17  Twilight Council  
  59  12:19  Stalker  
  59  12:20  Stalker  
  63  12:22  Stalker  
  63  12:23  Stalker x3  
  63  12:24  Stalker  
  73  12:30  Probe  
  74  12:40  Observer  
  74  12:43  Probe  
  75  12:44  Pylon  
  75  12:47  Pylon  
  75  12:48  Stalker x3  
  75  12:49  Stalker x2  
  85  12:55  Probe  
  86  13:07  Probe  
  87  13:16  Stalker x2  
  87  13:17  Stalker x4  
  99  13:28  Probe  
  100  13:34  Probe x2  
  100  13:40  Probe  
  103  13:46  Probe x2  
  103  13:47  Stalker x2  
  109  13:49  Nexus  
  109  13:53  Probe  
  110  13:58  Probe  
  105  14:22  Blink (Chrono Boost)  
  101  14:32  Pylon  
  101  14:35  Gateway  
  100  14:46  Stargate  
  100  14:48  Stargate  
  100  14:50  Stargate  
  100  14:59  Observer  
  100  15:06  Stalker x5  
  110  15:16  Photon Cannon  
  110  15:17  Photon Cannon  
  110  15:18  Assimilator  
  110  15:20  Observer  
  111  15:30  Probe x3  
  111  15:32  Probe, Unknown  
  115  15:38  Protoss Ground Weapons Level 2 (Chrono Boost)  
  115  15:42  Probe  
  116  15:48  Stalker  
  116  15:49  Stalker x2  
  122  16:18  Pylon  
  122  16:21  Pylon  
  122  16:37  Void Ray x2  
  126  17:09  Photon Cannon  
  126  17:11  Photon Cannon  
  126  17:15  Photon Cannon  
  118  17:18  Photon Cannon  
  118  17:33  Fleet Beacon  
  118  17:43  Stalker x3  
  118  17:44  Stalker x3  
  126  17:45  Stalker x2  
  134  17:57  Protoss Ground Armor Level 1  
  134  17:58  Probe x3  
  137  18:10  Probe  
  138  18:24  Stalker  
  138  18:25  Stalker x4  
  138  18:26  Stalker x3  
  154  18:28  Nexus  
  154  18:31  Pylon  
  154  18:33  Pylon  
  154  18:37  Pylon  
  139  19:21  Stalker x2  
  139  19:22  Stalker x3  
  139  19:23  Stalker x2  
  132  19:41  Stalker  
  130  20:20  Stalker  
  130  20:21  Stalker  
  130  20:33  Probe  
  130  20:34  Probe  
  130  20:46  Probe x2  
  132  20:58  Probe x2  
  134  21:10  Probe x2  
  136  21:22  Probe  
  133  21:27  Assimilator  
  133  21:32  Assimilator  
  130  21:35  Photon Cannon  
  130  21:37  Photon Cannon  
  130  21:39  Photon Cannon  
  130  21:42  Photon Cannon  
  130  21:58  Stalker x4  
  130  21:59  Stalker  
Show
View Real Time Build Order
Export as new Build Order

jjss Protoss 

Build Orders:  

Get SALT Encoding   

  12  0:01  Probe (Chrono Boost)  
  13  0:11  Probe (Chrono Boost)  
  14  0:16  Probe (Chrono Boost)  
  15  0:28  Pylon  
  15  0:49  Forge  
  15  0:52  Gateway  
  15  0:55  Probe  
  16  1:07  Probe (Chrono Boost)  
  17  1:16  Probe (Chrono Boost)  
  18  1:32  Assimilator  
  18  1:37  Assimilator  
  18  1:40  Zealot  
  18  1:45  Photon Cannon  
  20  2:01  Nexus  
  20  2:07  Zealot  
  22  2:15  Cybernetics Core  
  22  2:22  Pylon  
  22  2:26  Probe (Chrono Boost)  
  23  2:38  Probe (Chrono Boost)  
  22  3:27  Stargate  
  22  3:31  Probe (Chrono Boost), Unknown  
  24  3:41  Probe (Chrono Boost)  
  24  3:48  Stargate  
  25  3:51  Probe (Chrono Boost)  
  25  3:56  Pylon  
  25  4:00  Probe  
  26  4:07  Probe  
  26  4:08  Void Ray (Chrono Boost)  
  27  4:12  Probe  
  32  4:19  Probe  
  33  4:24  Probe  
  35  4:31  Probe  
  35  4:32  Void Ray (Chrono Boost)  
  39  4:39  Photon Cannon  
  43  4:59  Void Ray (Chrono Boost)  
  43  5:09  Photon Cannon  
  43  5:12  Pylon  
  43  5:17  Void Ray (Chrono Boost)  
  47  5:32  Probe (Chrono Boost)  
  48  5:40  Protoss Air Weapons Level 1  
  48  5:41  Void Ray  
  48  5:42  Probe (Chrono Boost)  
  53  7:04  Void Ray (Chrono Boost)  
  53  7:07  Void Ray (Chrono Boost)  
  57  7:40  Void Ray  
  57  7:43  Void Ray  
  57  8:22  Void Ray  
  53  9:05  Void Ray  
  49  9:48  Void Ray  
  45  10:35  Void Ray (Chrono Boost)  
  49  10:38  Void Ray (Chrono Boost)  
  53  11:10  Void Ray  
  57  11:18  Void Ray  
  61  11:20  Fleet Beacon  
  57  12:07  Void Ray (Chrono Boost)  
  51  12:30  Carrier (Chrono Boost)  
  55  12:44  Void Ray (Chrono Boost)  
  55  12:50  Pylon  
  55  12:52  Pylon  
  55  12:59  Pylon  
  55  13:04  Stargate  
  55  13:14  Stargate  
  55  13:26  Nexus  
  59  13:27  Void Ray (Chrono Boost)  
  59  13:33  Protoss Air Weapons Level 2 (Chrono Boost), Void Ray (Chrono Boost)  
  63  13:34  Unknown  
  63  13:39  Zealot  
  65  13:55  Void Ray (Chrono Boost)  
  69  14:00  Pylon  
  69  14:06  Zealot  
  67  14:14  Photon Cannon  
  65  14:25  Void Ray  
  65  14:27  Void Ray  
  73  14:36  Photon Cannon  
  73  14:38  Photon Cannon  
  73  14:39  Photon Cannon  
  73  14:44  Photon Cannon  
  73  14:55  Void Ray  
  85  15:16  Void Ray (Chrono Boost)  
  85  15:18  Void Ray (Chrono Boost)  
  85  15:21  Void Ray (Chrono Boost)  
  79  15:42  Warp Gate  
  79  15:48  Void Ray (Chrono Boost)  
  83  15:59  Void Ray  
  83  16:00  Void Ray  
  91  16:06  Photon Cannon  
  91  16:09  Pylon  
  91  16:14  Photon Cannon  
  55  17:40  Void Ray (Chrono Boost)  
  63  17:50  Void Ray (Chrono Boost)  
  71  17:51  Void Ray (Chrono Boost)  
  71  17:53  Void Ray (Chrono Boost)  
  71  17:55  Assimilator  
  71  18:00  Assimilator  
  71  18:09  Pylon  
  71  18:13  Pylon  
  71  18:20  Void Ray  
  67  19:12  Stargate  
  54  19:54  Void Ray (Chrono Boost)  
  46  20:30  Void Ray  
  38  20:41  Pylon  
  38  20:45  Pylon  
  38  20:57  Forge  
Tags
 
Matchup
PvP
Replay Pack
20200422
Spawn Locations
Cross Positions
Add a new tag
Caveats
  • Supply blocks, unpowered buildings, or Contaminate may cause inaccurate times.
  • Supply counts are checked every 10 seconds.